[ AOE2 MATCH · #506540125 ]
UnrankedArmenians vs Bengalis
Player's team · WIN
Rival team · LOSS
[ REPLAY ANALYSIS · EXTRACTED FROM THE RECORDED GAME ]
Feudal
11:25
Castle
20:52
Imperial
—
| APM avg | 63.7 |
| APM peak | 144 |
| eAPM avg | 26.9 |
| Villagers / military | 46 / 33 |
Focus
⚔️ 45.4% · 🌾 54.6%
Skirmisher ×14 · Archer ×7 · Militia ×3 · Monk ×2 · Knight ×2 · Spearman ×2
Feudal
8:52
Castle
21:52
Imperial
—
| APM avg | 80.4 |
| APM peak | 134 |
| eAPM avg | 47.1 |
| Villagers / military | 51 / 37 |
Focus
⚔️ 69.5% · 🌾 30.5%
Skirmisher ×28 · Spearman ×4 · Monk ×3 · Archer ×2
Match map
Initial resources + every placement click. Lines = walls · curves = elevation contours. ◆ gold · ⬟ stone · ● berries · ✦ relic · ◌ wall gap
Your base· Open — unwalled flank
SalzZ_wide's base· ✓ Closed at 21:52 · 35t walls · 2 gate(s)
Smoothed initial terrain · ◌ = detected wall gap · hover for details
Inputs per minute
— TAG_MbL_ - - SalzZ_wide
Build order — TAG_MbL_
147 actions detected in the replay
| 0:00 | Create | Villager (Male) ×4 |
| 0:02 | Build | House |
| 0:02 | Build | House |
| 1:11 | Create | Villager (Male) |
| 1:40 | Create | Villager (Male) |
| 1:58 | Build | Mule Cart |
| 2:19 | Create | Villager (Male) |
| 2:35 | Create | Villager (Male) |
| 2:58 | Create | Villager (Male) |
| 3:28 | Create | Villager (Male) |
| 3:52 | Build | House |
| 4:01 | Build | Barracks |
| 4:04 | Create | Villager (Male) |
| 4:05 | Create | Villager (Male) |
| 4:42 | Create | Villager (Male) |
| 4:47 | Build | House |
| 4:48 | Create | Villager (Male) |
| 5:06 | Create | Militia |
| 5:15 | Create | Militia |
| 5:19 | Build | House |
| 5:22 | Create | Villager (Male) |
| 5:46 | Create | Villager (Male) |
| 5:50 | Create | Militia |
| 5:58 | Build | Mill |
| 6:15 | Build | House |
| 6:20 | Create | Villager (Male) |
| 6:21 | Create | Villager (Male) |
| 6:46 | Create | Villager (Male) |
| 7:12 | Create | Villager (Male) |
| 7:43 | Create | Villager (Male) |
| 8:03 | Create | Villager (Male) |
| 8:32 | Research | Loom |
| 8:49 | Build | Mule Cart |
| 9:09 | Research | Feudal Age |
| 9:32 | Build | Farm |
| 9:34 | Build | Farm |
| 9:49 | Build | House |
| 9:56 | Build | Palisade Wall |
| 9:56 | Build | Palisade Wall |
| 9:57 | Build | Palisade Wall |
| 9:59 | Build | Palisade Wall |
| 10:40 | Build | House |
| 10:43 | Create | Spearman |
| 10:54 | Create | Villager (Male) |
| 11:10 | Create | Spearman |
| 11:25 | Age | Feudal Age |
| 11:26 | Build | Archery Range |
| 11:29 | Build | Archery Range |
| 11:39 | Research | Double-Bit Axe |
| 11:43 | Create | Villager (Male) |
| 11:46 | Build | Farm |
| 11:49 | Build | Farm |
| 11:52 | Research | Horse Collar |
| 11:54 | Create | Villager (Male) |
| 12:05 | Create | Villager (Male) |
| 12:15 | Create | Villager (Male) |
| 12:26 | Create | Archer |
| 12:27 | Create | Archer |
| 12:30 | Create | Villager (Male) |
| 12:32 | Build | Farm |
| 12:39 | Create | Archer |
| 12:40 | Create | Archer |
| 12:45 | Create | Villager (Male) |
| 13:08 | Create | Archer |
| 13:22 | Build | Blacksmith |
| 13:27 | Create | Villager (Male) |
| 13:29 | Create | Archer |
| 13:44 | Create | Villager (Male) |
| 13:46 | Build | Farm |
| 13:59 | Build | Farm |
| 14:14 | Create | Archer |
| 14:19 | Build | House |
| 14:23 | Build | Farm |
| 14:27 | Build | Farm |
| 14:28 | Research | Fletching |
| 14:31 | Create | Villager (Male) |
| 14:38 | Build | Farm |
| 14:39 | Build | Farm |
| 14:41 | Build | Farm |
| 14:43 | Build | House |
| 14:48 | Create | Villager (Male) |
| 14:56 | Build | Farm |
| 15:02 | Create | Skirmisher |
| 15:02 | Create | Skirmisher |
| 15:12 | Create | Villager (Male) |
| 15:15 | Build | Farm |
| 15:25 | Create | Skirmisher |
| 15:27 | Build | House |
| 15:28 | Create | Villager (Male) |
| 15:31 | Build | Palisade Wall |
| 15:40 | Build | Farm |
| 16:01 | Build | Farm |
| 16:03 | Build | Farm |
| 16:05 | Create | Villager (Male) |
| 16:25 | Build | Farm |
| 16:29 | Build | Farm |
| 16:53 | Create | Villager (Male) |
| 16:56 | Build | Mule Cart |
| 17:22 | Build | Stable |
| 17:25 | Create | Skirmisher |
| 17:25 | Create | Skirmisher |
| 17:33 | Create | Villager (Male) |
| 17:41 | Create | Skirmisher |
| 17:42 | Create | Skirmisher |
| 18:12 | Research | Castle Age |
| 18:13 | Create | Skirmisher |
| 18:26 | Build | House |
| 18:26 | Build | House |
| 18:38 | Build | Palisade Gate |
| 18:39 | Build | Palisade Wall |
| 18:39 | Build | Palisade Wall |
| 18:42 | Build | House |
| 18:49 | Create | Scout Cavalry |
| 18:49 | Create | Scout Cavalry |
| 18:53 | Create | Skirmisher |
| 19:09 | Create | Skirmisher |
| 19:30 | Create | Skirmisher |
| 19:31 | Create | Skirmisher |
| 19:40 | Build | House |
| 19:41 | Create | Villager (Male) |
| 19:43 | Build | House |
| 19:49 | Build | Palisade Wall |
| 19:51 | Build | Palisade Wall |
| 19:55 | Build | Palisade Gate |
| 20:06 | Create | Skirmisher |
| 20:25 | Research | Padded Archer Armor |
| 20:40 | Create | Skirmisher |
| 20:52 | Age | Castle Age |
| 20:54 | Research | Bodkin Arrow |
| 20:55 | Research | Elite Skirmisher (upgrade) |
| 20:56 | Create | Villager (Male) |
| 20:58 | Build | Monastery |
| 21:06 | Create | Knight |
| 21:06 | Create | Knight |
| 21:22 | Create | Villager (Male) |
| 21:32 | Research | Bow Saw |
| 21:32 | Research | Bow Saw |
| 21:33 | Create | Monk |
| 21:41 | Create | Villager (Male) |
| 21:51 | Create | Villager (Male) |
| 21:55 | Create | Villager (Male) |
| 21:58 | Build | Town Center |
| 22:04 | Create | Monk |
| 22:07 | Create | Warrior Priest |
| 22:33 | Create | Villager (Male) |
| 22:36 | Build | Town Center |
| 23:12 | Create | Villager (Male) |
Build order — SalzZ_wide
First 150 of 168 actions detected
| 0:00 | Create | Villager (Male) |
| 0:01 | Create | Villager (Male) |
| 0:01 | Create | Villager (Male) |
| 0:01 | Create | Villager (Male) |
| 0:02 | Build | House |
| 0:06 | Build | House |
| 1:23 | Create | Villager (Male) |
| 1:23 | Create | Villager (Male) |
| 1:25 | Build | Lumber Camp |
| 1:59 | Create | Villager (Male) |
| 2:14 | Create | Villager (Male) |
| 2:43 | Create | Villager (Male) |
| 3:10 | Create | Villager (Male) |
| 3:11 | Create | Villager (Male) |
| 3:22 | Create | Villager (Male) |
| 3:42 | Create | Villager (Male) |
| 3:50 | Build | House |
| 3:51 | Build | House |
| 3:56 | Create | Villager (Male) |
| 3:59 | Build | Palisade Wall |
| 4:17 | Create | Villager (Male) |
| 4:28 | Create | Villager (Male) |
| 4:45 | Build | Mill |
| 5:12 | Build | Palisade Wall |
| 5:29 | Create | Villager (Male) |
| 5:29 | Research | Loom |
| 6:42 | Research | Feudal Age |
| 6:42 | Research | Feudal Age |
| 7:19 | Build | Barracks |
| 7:27 | Build | House |
| 7:44 | Build | Palisade Gate |
| 7:46 | Create | Villager (Male) |
| 7:52 | Build | Palisade Wall |
| 7:53 | Build | Palisade Wall |
| 8:11 | Create | Villager (Male) |
| 8:29 | Create | Villager (Male) |
| 8:29 | Create | Villager (Male) |
| 8:47 | Build | Mining Camp |
| 8:52 | Age | Feudal Age |
| 9:30 | Create | Villager (Male) |
| 9:42 | Build | Archery Range |
| 9:43 | Build | Palisade Wall |
| 9:56 | Create | Villager (Male) |
| 9:59 | Build | House |
| 10:18 | Build | Palisade Wall |
| 10:19 | Build | Palisade Wall |
| 10:19 | Build | Palisade Wall |
| 10:24 | Build | Palisade Wall |
| 10:24 | Build | Palisade Wall |
| 10:25 | Build | Palisade Wall |
| 10:25 | Build | Palisade Wall |
| 10:26 | Build | Palisade Wall |
| 10:38 | Create | Archer |
| 10:39 | Create | Villager (Male) |
| 10:43 | Research | Double-Bit Axe |
| 10:47 | Create | Villager (Male) |
| 10:57 | Build | Palisade Gate |
| 11:00 | Build | Palisade Wall |
| 11:00 | Build | Palisade Wall |
| 11:00 | Build | Palisade Wall |
| 11:05 | Create | Archer |
| 11:11 | Research | Horse Collar |
| 11:16 | Create | Villager (Male) |
| 11:35 | Create | Villager (Male) |
| 11:39 | Build | Palisade Wall |
| 11:40 | Build | House |
| 11:44 | Create | Skirmisher |
| 11:59 | Create | Villager (Male) |
| 12:03 | Build | Farm |
| 12:04 | Build | Farm |
| 12:13 | Build | Palisade Wall |
| 12:25 | Create | Skirmisher |
| 12:30 | Create | Villager (Male) |
| 12:39 | Create | Skirmisher |
| 12:43 | Create | Spearman |
| 12:47 | Create | Villager (Male) |
| 13:15 | Create | Villager (Male) |
| 13:23 | Create | Villager (Male) |
| 13:25 | Build | House |
| 13:26 | Build | Farm |
| 13:30 | Create | Skirmisher |
| 13:33 | Create | Skirmisher |
| 13:38 | Build | House |
| 13:41 | Create | Skirmisher |
| 14:00 | Build | Lumber Camp |
| 14:05 | Create | Skirmisher |
| 14:13 | Build | Farm |
| 14:14 | Build | Farm |
| 14:17 | Create | Villager (Male) |
| 14:18 | Create | Villager (Male) |
| 14:19 | Build | Farm |
| 14:22 | Build | Farm |
| 14:34 | Build | House |
| 14:36 | Build | Palisade Wall |
| 14:42 | Build | Farm |
| 14:55 | Create | Skirmisher |
| 14:58 | Create | Skirmisher |
| 15:04 | Build | House |
| 15:06 | Create | Skirmisher |
| 15:09 | Build | House |
| 15:09 | Build | House |
| 15:21 | Create | Villager (Male) |
| 15:27 | Build | Blacksmith |
| 15:30 | Create | Skirmisher |
| 15:39 | Create | Villager (Male) |
| 15:40 | Build | Farm |
| 15:46 | Build | Farm |
| 15:48 | Create | Skirmisher |
| 15:54 | Build | Farm |
| 16:04 | Create | Skirmisher |
| 16:05 | Create | Villager (Male) |
| 16:18 | Build | Farm |
| 16:19 | Create | Villager (Male) |
| 16:22 | Build | Farm |
| 16:28 | Create | Villager (Male) |
| 16:31 | Build | Farm |
| 16:37 | Create | Skirmisher |
| 16:39 | Create | Villager (Male) |
| 17:05 | Create | Skirmisher |
| 17:27 | Create | Villager (Male) |
| 17:30 | Build | Farm |
| 17:30 | Create | Villager (Male) |
| 17:31 | Build | Farm |
| 17:32 | Create | Villager (Male) |
| 17:33 | Build | Farm |
| 17:40 | Create | Skirmisher |
| 17:46 | Create | Villager (Male) |
| 17:49 | Build | Farm |
| 17:58 | Build | Farm |
| 18:00 | Create | Skirmisher |
| 18:06 | Create | Skirmisher |
| 18:19 | Research | Town Watch |
| 18:25 | Build | Farm |
| 18:25 | Build | Farm |
| 18:31 | Create | Skirmisher |
| 19:12 | Research | Castle Age |
| 19:14 | Create | Skirmisher |
| 19:14 | Create | Skirmisher |
| 19:16 | Create | Skirmisher |
| 19:34 | Create | Skirmisher |
| 19:50 | Research | Fletching |
| 19:52 | Research | Padded Archer Armor |
| 19:53 | Create | Skirmisher |
| 19:56 | Research | Gold Mining |
| 20:15 | Create | Villager (Male) |
| 20:28 | Create | Spearman |
| 20:47 | Create | Spearman |
| 20:48 | Create | Skirmisher |
| 21:26 | Create | Spearman |
| 21:29 | Create | Skirmisher |
Match timeline
| 3:59 | SalzZ_wide · wall_segment Palisade Wall x2 |
| 4:01 | TAG_MbL_ · first_building Barracks |
| 5:12 | SalzZ_wide · wall_segment Palisade Wall x4 |
| 7:19 | SalzZ_wide · first_building Barracks |
| 7:52 | SalzZ_wide · wall_segment Palisade Wall x1 |
| 7:53 | SalzZ_wide · wall_segment Palisade Wall x1 |
| 8:52 | SalzZ_wide · age_up feudal |
| 9:42 | SalzZ_wide · first_building Archery Range |
| 9:43 | SalzZ_wide · wall_segment Palisade Wall x1 |
| 9:56 | TAG_MbL_ · wall_segment Palisade Wall x1 |
| 9:56 | TAG_MbL_ · wall_segment Palisade Wall x1 |
| 9:57 | TAG_MbL_ · wall_segment Palisade Wall x1 |
| 9:59 | TAG_MbL_ · wall_segment Palisade Wall x1 |
| 10:18 | SalzZ_wide · wall_segment Palisade Wall x1 |
| 10:19 | SalzZ_wide · wall_segment Palisade Wall x1 |
| 10:19 | SalzZ_wide · wall_segment Palisade Wall x1 |
| 10:24 | SalzZ_wide · wall_segment Palisade Wall x1 |
| 10:24 | SalzZ_wide · wall_segment Palisade Wall x1 |
| 10:25 | SalzZ_wide · wall_segment Palisade Wall x1 |
| 10:25 | SalzZ_wide · wall_segment Palisade Wall x1 |
| 10:26 | SalzZ_wide · wall_segment Palisade Wall x1 |
| 11:00 | SalzZ_wide · wall_segment Palisade Wall x1 |
| 11:00 | SalzZ_wide · wall_segment Palisade Wall x1 |
| 11:00 | SalzZ_wide · wall_segment Palisade Wall x1 |
| 11:25 | TAG_MbL_ · age_up feudal |
| 11:26 | TAG_MbL_ · first_building Archery Range |
| 11:39 | SalzZ_wide · wall_segment Palisade Wall x1 |
| 12:13 | SalzZ_wide · wall_segment Palisade Wall x5 |
| 14:36 | SalzZ_wide · wall_segment Palisade Wall x9 |
| 15:31 | TAG_MbL_ · wall_segment Palisade Wall x4 |
| 17:22 | TAG_MbL_ · first_building Stable |
| 18:39 | TAG_MbL_ · wall_segment Palisade Wall x1 |
| 18:39 | TAG_MbL_ · wall_segment Palisade Wall x1 |
| 19:49 | TAG_MbL_ · wall_segment Palisade Wall x5 |
| 19:51 | TAG_MbL_ · wall_segment Palisade Wall x13 |
| 20:52 | TAG_MbL_ · age_up castle |
| 20:58 | TAG_MbL_ · first_building Monastery |
| 21:52 | SalzZ_wide · age_up castle |
| 22:02 | SalzZ_wide · first_building Monastery |
| 22:42 | SalzZ_wide · wall_segment Palisade Wall x1 |
| 23:13 | SalzZ_wide · resign |
[ AI ANALYSIS · 1 CREDIT ]
What really happened in this match?
Wolo.gg analyzes every decision: build order, eco, micro, common mistakes by bracket. Personalized analysis on WhatsApp or Discord in 30 seconds.
Civ guide
Armenians
Perfil
Jugador #251265